Canadiens vs Bruins

Created - 2 novembre 2017 at 17:51

Goals
1 2 3 OT1 T
Canadiens 1 0 2 0 3
Bruins 2 1 0 1 4
Shots
1 2 3 OT1 T
Canadiens 10 8 9 0 27
Bruins 17 19 9 1 46

1st period

1. Canadiens , John Tavares 8 (Gustav Nyquist 7, Teuvo Teravainen 5) at 4:19
2. Bruins , Andrew Ladd 3 (Patrice Bergeron 7, Jake Muzzin 8) at 13:24 (PP)
3. Bruins , P.K. Subban 2 (Corey Perry 11, Shea Weber 8) at 19:48 (PP)

Penalties :
Ivan Provorov (MTL) for Elbowing (Minor) at 1:28, Jake Muzzin (BOS) for Hooking (Minor) at 6:09, Mike Ribeiro (MTL) for Tripping (Minor) at 9:14, Jordan Eberle (MTL) for Hooking (Minor) at 12:39, Jake Guentzel (BOS) for High sticking (Minor) at 14:48, Artturi Lehkonen (MTL) for Interference (Minor) at 19:15

2nd period

4. Bruins , Leon Draisaitl 8 (Torey Krug 12, Corey Perry 12) at 5:50

Penalties :
Justin Abdelkader (MTL) for Slashing (Minor) at 8:25, Ian Cole (MTL) for Holding (Minor) at 17:54

3rd period

5. Canadiens , Adam Larsson 2 (John Tavares 11) at 4:35 (PP)
6. Canadiens , Cam Fowler 5 (Teuvo Teravainen 6, John Tavares 12) at 18:21

Penalties :
Shea Weber (BOS) for Roughing (Minor) at 2:42, Adam Larsson (MTL) for Slashing (Minor) at 5:58, Mark Streit (BOS) for Tripping (Minor) at 8:41

Overtime #1

7. Bruins , Corey Perry 5 (Shea Weber 9, Patrice Bergeron 8) at 0:59

Penalties :
No Penalty

Goalie Stats

Jonathan Bernier (MTL), 42 saves from 46 shots - (0.913), OTL, 0-0-3, 61:00 minutes
Charlie Lindgren (BOS), 24 saves from 27 shots - (0.889), W, 3-6-0, 61:00 minutes

Players Stats for Canadiens

Player Name              G  A  P  +/- PIM S  H  SB GA TA FO     MP     PP MP  PK MP  
------------------------------------------------------------------------------------
Adam Larsson             1  0  1   0  2   1  6  2  0  0  0/0    24:32   3:53   3:51 
Artturi Lehkonen         0  0  0   0  2   2  1  0  0  0  0/0     9:56   0:18   0:33 
Auston Matthews          0  0  0  -2  0   2  0  0  0  0  10/19  18:46   3:49   0:38 
Brayden McNabb           0  0  0   0  0   0  2  0  0  0  0/0    14:14   0:34   3:20 
Cam Fowler               1  0  1   1  0   4  1  1  0  0  0/0    23:50   3:39   5:09 
Gustav Nyquist           0  1  1   2  0   4  1  0  0  0  0/2    17:27   3:49   0:00 
Ian Cole                 0  0  0  -1  2   1  1  2  0  0  0/0    20:02   0:00   4:38 
Ivan Provorov            0  0  0   0  2   0  1  5  0  0  0/0    24:05   3:57   5:21 
Jakob Silfverberg        0  0  0  -1  0   2  1  1  0  0  1/1    23:35   3:43   6:33 
John Tavares             1  2  3   1  0   7  2  0  0  0  17/30  18:45   4:07   0:00 
Jordan Eberle            0  0  0  -1  2   0  0  0  0  0  0/2    17:01   3:43   0:00 
Josh Bailey              0  0  0   0  0   1  2  0  0  0  0/2     9:06   0:00   0:00 
Justin Abdelkader        0  0  0   0  2   0  0  1  0  0  0/1     8:56   0:18   3:45 
Mike Ribeiro             0  0  0   0  2   0  2  0  0  0  4/15   12:48   3:43   0:00 
Nate Schmidt             0  0  0   1  0   0  0  0  0  0  0/0    14:14   3:37   0:07 
Nick Shore               0  0  0   0  0   0  0  0  0  0  4/7     9:31   0:00   4:37 
Teuvo Teravainen         0  2  2   2  0   3  0  1  0  0  0/0    14:00   0:00   0:22 
Zack Smith               0  0  0   0  0   0  1  0  0  0  8/13   10:52   0:00   5:58 

Players Stats for Bruins

Player Name              G  A  P  +/- PIM S  H  SB GA TA FO     MP     PP MP  PK MP  
------------------------------------------------------------------------------------
Andrew Ladd              1  0  1   1  0   3  2  0  0  0  1/1    17:53   5:41   0:00 
Brendan Gallagher        0  0  0   0  0   6  1  0  0  0  0/1    15:07   4:58   0:00 
Carl Soderberg           0  0  0   0  0   1  0  0  0  0  2/7     6:59   0:00   0:00 
Connor Brown             0  0  0  -2  0   0  0  0  0  0  0/0    12:11   0:34   0:00 
Corey Perry              1  2  3   2  0   6  4  0  0  0  1/2    20:48   5:41   2:25 
Jake Guentzel            0  0  0  -2  2   3  1  0  0  0  1/3    12:10   0:34   0:00 
Jake Muzzin              0  1  1   0  2   3  2  1  0  0  0/0    21:15   4:57   2:38 
Kevin Fiala              0  0  0   0  0   0  0  0  0  0  0/0     6:59   0:00   0:00 
Leon Draisaitl           1  0  1   1  0   3  1  0  0  0  12/27  23:05   4:58   5:25 
Mark Streit              0  0  0  -1  2   0  0  0  0  0  0/0    12:23   0:00   0:29 
Melker Karlsson          0  0  0   0  0   1  1  0  0  0  0/0     7:33   0:34   0:00 
Noah Hanifin             0  0  0  -1  0   0  0  0  0  0  0/0    13:18   0:00   1:23 
P.K. Subban              1  0  1   0  0   3  3  2  0  0  0/0    26:40   6:16   4:33 
Patrice Bergeron         0  2  2   1  0   7  0  0  0  0  20/37  22:15   5:41   5:25 
Ryan Spooner             0  0  0   0  0   1  1  0  0  0  0/0    15:07   4:58   0:00 
Shea Weber               0  2  2   1  2   5  1  3  0  0  0/0    26:02   6:16   3:26 
Tomas Plekanec           0  0  0  -2  0   2  1  0  0  0  11/14  14:02   0:00   2:25 
Torey Krug               0  1  1   0  0   2  0  2  0  0  0/0    21:19   4:57   3:11 

3 Stars

1 - Corey Perry (BOS)
2 - John Tavares (MTL)
3 - Teuvo Teravainen (MTL)

Power Play

Canadiens - 1 on 4 Attempt(s) - 25.00%
Bruins - 2 on 7 Attempt(s) - 28.57%

Penalty Kill

Canadiens - 5 on 7 Attempt(s) - 71.43% - Score 0 goal in Penalty Kill
Bruins - 3 on 4 Attempt(s) - 75.00% - Score 0 goal in Penalty Kill

Team Stat

Canadiens - Hits : 21 - Faceoff Wins : 44 - Blocked Shots : 13 - Penalty Minutes : 14
Bruins - Hits : 18 - Faceoff Wins : 48 - Blocked Shots : 8 - Penalty Minutes : 8

Official

Referees : Ghislain Hebert and Kyle Rehman
Linesman : Brad Lazarowich and Vaughan Rody

Game Notes

No Game Note

Finance

Level 1 -- Attendance: 5883 (90.51%) -- Ticket Income 647 130 $
Level 2 -- Attendance: 4637 (92.74%) -- Ticket Income 347 775 $
Level 3 -- Attendance: 3133 (89.51%) -- Ticket Income 175 448 $
Level 4 -- Attendance: 1565 (100.00%) -- Ticket Income 62 600 $
Luxury Box -- Attendance: 898 (89.80%) -- Ticket Income 178 702 $
Game was played at the TD Garden.
Total Attendance: 16116 (91.75%)
Total Ticket Income: 1 411 655 $
Other Income: 211 748 $
Total Income: 1 623 403 $

% Time on Ice - Canadiens

Lines # - Real PCT - Wanted PCT - Time Play
Normal Forward
1 - 33% - 35% - 13:38
2 - 33% - 35% - 13:19
3 - 22% - 20% - 9:06
4 - 12% - 10% - 4:54
Normal Defense
1 - 37% - 35% - 15:02
2 - 30% - 30% - 12:07
3 - 26% - 20% - 10:30
4 - 8% - 15% - 3:18
PP Forward
1 - 53% - 60% - 4:07
2 - 47% - 40% - 3:43
PP Defense
1 - 50% - 50% - 3:57
2 - 50% - 50% - 3:53
PK Forward
1 - 59% - 55% - 6:36
2 - 41% - 45% - 4:37
PK Defense
1 - 50% - 60% - 5:34
2 - 50% - 40% - 5:39
PK3 Forward
1 - 0% - 60%
2 - 0% - 40%
PK3 Defense
1 - 0% - 60%
2 - 0% - 40%
44 Forward
1 - 0% - 50%
2 - 0% - 50%
44 Defense
1 - 0% - 50%
2 - 0% - 50%
Last Minute Offensive  - 0:00
Last Minute Defensive  - 0:00
Total
Forward - 60:00
Defense - 60:00

% Time on Ice - Bruins

Lines # - Real PCT - Wanted PCT - Time Play
Normal Forward
1 - 30% - 40% - 12:12
2 - 25% - 30% - 10:09
3 - 28% - 20% - 11:37
4 - 17% - 10% - 6:59
Normal Defense
1 - 37% - 40% - 15:09
2 - 32% - 30% - 13:11
3 - 29% - 20% - 11:55
4 - 2% - 10% - 0:42
PP Forward
1 - 56% - 60% - 6:15
2 - 44% - 40% - 4:58
PP Defense
1 - 56% - 60% - 6:16
2 - 44% - 40% - 4:57
PK Forward
1 - 69% - 60% - 5:25
2 - 31% - 40% - 2:25
PK Defense
1 - 58% - 60% - 4:33
2 - 42% - 40% - 3:17
PK3 Forward
1 - 0% - 60%
2 - 0% - 40%
PK3 Defense
1 - 0% - 60%
2 - 0% - 40%
44 Forward
1 - 0% - 60%
2 - 0% - 40%
44 Defense
1 - 0% - 60%
2 - 0% - 40%
Last Minute Offensive  - 0:00
Last Minute Defensive  - 0:00
Total
Forward - 60:00
Defense - 60:00

Play by Play

1st period


0:01 of 1st period - Leon Draisaitl wins face-off versus John Tavares in neutral zone.
0:32 of 1st period - Shot by John Tavares.
0:32 of 1st period - Shot Blocked by P.K. Subban.
1:17 of 1st period - Shot by Patrice Bergeron.
1:17 of 1st period - Shot Misses the Net.
1:19 of 1st period - Shot by Torey Krug.
1:19 of 1st period - Shot Blocked by Jakob Silfverberg.
1:21 of 1st period - Shot by Patrice Bergeron.
1:21 of 1st period - Shot Misses the Net.
1:23 of 1st period - Shot by Torey Krug.
1:23 of 1st period - Stopped by Jonathan Bernier with a rebound.
1:25 of 1st period - Shot by Brendan Gallagher.
1:25 of 1st period - Shot Blocked by Ian Cole.
1:27 of 1st period - Shot by Torey Krug.
1:27 of 1st period - Stopped by Jonathan Bernier with a rebound.
1:28 of 1st period - Minor Penalty to Ivan Provorov for Elbowing.
1:29 of 1st period - Zack Smith wins face-off versus Patrice Bergeron in Canadiens zone.
1:44 of 1st period - P.K. Subban is hit by Zack Smith and loses puck.
1:53 of 1st period - Adam Larsson is hit by Andrew Ladd and loses puck.
1:58 of 1st period - Shot by Patrice Bergeron.
1:58 of 1st period - Stopped by Jonathan Bernier with a rebound.
2:44 of 1st period - Melker Karlsson is hit by Ian Cole and loses puck.
3:01 of 1st period - Shot by Connor Brown.
3:01 of 1st period - Deflect By Jake Guentzel.
3:01 of 1st period - Stopped by Jonathan Bernier with a rebound.
3:03 of 1st period - Shot by Shea Weber.
3:03 of 1st period - Shot Misses the Net.
3:22 of 1st period - Icing by Patrice Bergeron.
3:23 of 1st period - Zack Smith wins face-off versus Patrice Bergeron in Bruins zone.
3:23 of 1st period - Zack Smith is hit by Jake Muzzin.
3:27 of 1st period - Shot by Jakob Silfverberg.
3:27 of 1st period - Shot Misses the Net.
3:52 of 1st period - Kevin Fiala is hit by Josh Bailey and loses puck.
3:57 of 1st period - Shot by Kevin Fiala.
3:57 of 1st period - Shot Misses the Net.
4:17 of 1st period - Shot by John Tavares.
4:17 of 1st period - Deflect By Gustav Nyquist.
4:17 of 1st period - Stopped by Charlie Lindgren with a rebound.
4:19 of 1st period - Shot by Gustav Nyquist.
4:19 of 1st period - Deflect By John Tavares.
4:19 of 1st period - Goal by John Tavares - Canadiens : 1 - Bruins : 0.
4:20 of 1st period - Patrice Bergeron wins face-off versus John Tavares in neutral zone.
4:23 of 1st period - Shot by Patrice Bergeron.
4:23 of 1st period - Stopped by Jonathan Bernier without a rebound.
4:24 of 1st period - Patrice Bergeron wins face-off versus Auston Matthews in Canadiens zone.
5:27 of 1st period - Icing by Mark Streit.
5:28 of 1st period - John Tavares wins face-off versus Leon Draisaitl in Bruins zone.
5:33 of 1st period - Shot by Gustav Nyquist.
5:33 of 1st period - Stopped by Charlie Lindgren without a rebound.
5:34 of 1st period - Tomas Plekanec wins face-off versus John Tavares in Bruins zone.
5:43 of 1st period - Shot by Jake Muzzin.
5:43 of 1st period - Stopped by Jonathan Bernier with a rebound.
6:00 of 1st period - Jake Guentzel is hit by John Tavares and loses puck.
6:09 of 1st period - Minor Penalty to Jake Muzzin for Hooking.
6:10 of 1st period - Patrice Bergeron wins face-off versus Mike Ribeiro in Bruins zone.
6:22 of 1st period - Off-side.
6:23 of 1st period - John Tavares wins face-off versus Patrice Bergeron in neutral zone.
6:26 of 1st period - Shea Weber is hit by Gustav Nyquist and loses puck.
6:33 of 1st period - Shot by Auston Matthews.
6:33 of 1st period - Shot Misses the Net.
8:58 of 1st period - Icing by Connor Brown.
8:59 of 1st period - Tomas Plekanec wins face-off versus Mike Ribeiro in Bruins zone.
8:59 of 1st period - Tomas Plekanec is hit by Mike Ribeiro.
9:14 of 1st period - Minor Penalty to Mike Ribeiro for Tripping.
9:15 of 1st period - Zack Smith wins face-off versus Patrice Bergeron in Canadiens zone.
9:32 of 1st period - Cam Fowler is hit by Andrew Ladd and loses puck.
10:12 of 1st period - Shot by Ryan Spooner.
10:12 of 1st period - Deflect By Brendan Gallagher.
10:12 of 1st period - Stopped by Jonathan Bernier without a rebound.
10:13 of 1st period - Auston Matthews wins face-off versus Leon Draisaitl in Canadiens zone.
10:47 of 1st period - Off-side.
10:48 of 1st period - Zack Smith wins face-off versus Patrice Bergeron in neutral zone.
12:24 of 1st period - Shot by Artturi Lehkonen.
12:24 of 1st period - Shot Misses the Net.
12:26 of 1st period - Shot by Josh Bailey.
12:26 of 1st period - Stopped by Charlie Lindgren without a rebound.
12:27 of 1st period - Auston Matthews wins face-off versus Leon Draisaitl in Bruins zone.
12:39 of 1st period - Minor Penalty to Jordan Eberle for Hooking.
12:40 of 1st period - Leon Draisaitl wins face-off versus Zack Smith in Canadiens zone.
12:41 of 1st period - Shot by Ryan Spooner.
12:41 of 1st period - Shot Blocked by Ivan Provorov.
12:43 of 1st period - Shot by Shea Weber.
12:43 of 1st period - Stopped by Jonathan Bernier with a rebound.
12:57 of 1st period - Shot by Ryan Spooner.
12:57 of 1st period - Shot Blocked by Ivan Provorov.
12:59 of 1st period - Shot by Shea Weber.
12:59 of 1st period - Stopped by Jonathan Bernier without a rebound.
13:00 of 1st period - Nick Shore wins face-off versus Patrice Bergeron in Canadiens zone.
13:00 of 1st period - Nick Shore is hit by Corey Perry.
13:11 of 1st period - Torey Krug is hit by Adam Larsson and loses puck.
13:16 of 1st period - Shot by Patrice Bergeron.
13:16 of 1st period - Shot Misses the Net.
13:20 of 1st period - Shot by Jake Muzzin.
13:20 of 1st period - Shot Misses the Net.
13:22 of 1st period - Shot by Andrew Ladd.
13:22 of 1st period - Shot Misses the Net.
13:24 of 1st period - Shot by Patrice Bergeron.
13:24 of 1st period - Deflect By Andrew Ladd.
13:24 of 1st period - Goal by Andrew Ladd - Canadiens : 1 - Bruins : 1.
13:25 of 1st period - John Tavares wins face-off versus Carl Soderberg in neutral zone.
13:32 of 1st period - Shot by John Tavares.
13:32 of 1st period - Stopped by Charlie Lindgren without a rebound.
13:33 of 1st period - Patrice Bergeron wins face-off versus Auston Matthews in Bruins zone.
14:02 of 1st period - Shot by Brendan Gallagher.
14:02 of 1st period - Stopped by Jonathan Bernier without a rebound.
14:03 of 1st period - Leon Draisaitl wins face-off versus John Tavares in Canadiens zone.
14:30 of 1st period - Shot by Corey Perry.
14:30 of 1st period - Stopped by Jonathan Bernier without a rebound.
14:31 of 1st period - Tomas Plekanec wins face-off versus Mike Ribeiro in Canadiens zone.
14:48 of 1st period - Minor Penalty to Jake Guentzel for High sticking.
14:49 of 1st period - Auston Matthews wins face-off versus Leon Draisaitl in Bruins zone.
15:12 of 1st period - Shot by John Tavares.
15:12 of 1st period - Shot Blocked by Torey Krug.
15:14 of 1st period - Shot by Cam Fowler.
15:14 of 1st period - Stopped by Charlie Lindgren without a rebound.
15:15 of 1st period - Mike Ribeiro wins face-off versus Patrice Bergeron in Bruins zone.
16:22 of 1st period - Shot by Tomas Plekanec.
16:22 of 1st period - Shot Misses the Net.
16:32 of 1st period - Shot by Cam Fowler.
16:32 of 1st period - Stopped by Charlie Lindgren without a rebound.
16:33 of 1st period - Patrice Bergeron wins face-off versus Auston Matthews in Bruins zone.
16:42 of 1st period - Shot by Leon Draisaitl.
16:42 of 1st period - Stopped by Jonathan Bernier without a rebound.
16:43 of 1st period - Patrice Bergeron wins face-off versus Mike Ribeiro in Canadiens zone.
17:57 of 1st period - Shot by Patrice Bergeron.
17:57 of 1st period - Shot Misses the Net.
17:59 of 1st period - Shot by Shea Weber.
17:59 of 1st period - Shot Misses the Net.
18:01 of 1st period - Shot by Shea Weber.
18:01 of 1st period - Stopped by Jonathan Bernier without a rebound.
18:02 of 1st period - Leon Draisaitl wins face-off versus John Tavares in Canadiens zone.
18:13 of 1st period - Andrew Ladd is hit by John Tavares and loses puck.
18:24 of 1st period - Shot by John Tavares.
18:24 of 1st period - Stopped by Charlie Lindgren with a rebound.
18:26 of 1st period - Shot by John Tavares.
18:26 of 1st period - Shot Blocked by Torey Krug.
18:35 of 1st period - Shot by Gustav Nyquist.
18:35 of 1st period - Stopped by Charlie Lindgren without a rebound.
18:36 of 1st period - Auston Matthews wins face-off versus Patrice Bergeron in Bruins zone.
18:47 of 1st period - Shot by Auston Matthews.
18:47 of 1st period - Stopped by Charlie Lindgren without a rebound.
18:48 of 1st period - Tomas Plekanec wins face-off versus Josh Bailey in Bruins zone.
18:48 of 1st period - Tomas Plekanec is hit by Josh Bailey.
18:59 of 1st period - P.K. Subban is hit by Adam Larsson and loses puck.
19:03 of 1st period - Tomas Plekanec is hit by Cam Fowler and loses puck.
19:15 of 1st period - Minor Penalty to Artturi Lehkonen for Interference.
19:16 of 1st period - Zack Smith wins face-off versus Corey Perry in Canadiens zone.
19:30 of 1st period - Off-side.
19:31 of 1st period - Leon Draisaitl wins face-off versus Zack Smith in neutral zone.
19:38 of 1st period - Shot by Leon Draisaitl.
19:38 of 1st period - Deflect By Brendan Gallagher.
19:38 of 1st period - Stopped by Jonathan Bernier without a rebound.
19:39 of 1st period - Patrice Bergeron wins face-off versus Zack Smith in Canadiens zone.
19:42 of 1st period - Shot by Andrew Ladd.
19:42 of 1st period - Shot Hit the Post.
19:44 of 1st period - Shot by Shea Weber.
19:44 of 1st period - Shot Blocked by Ivan Provorov.
19:46 of 1st period - Shot by Shea Weber.
19:46 of 1st period - Deflect By Corey Perry.
19:46 of 1st period - Stopped by Jonathan Bernier with a rebound.
19:48 of 1st period - Shot by P.K. Subban.
19:48 of 1st period - Goal by P.K. Subban - Canadiens : 1 - Bruins : 2.
19:49 of 1st period - John Tavares wins face-off versus Patrice Bergeron in neutral zone.
Goals for this period are 1 for Canadiens vs 2 for Bruins.
Shots for this period are 10 for Canadiens vs 17 for Bruins.

2nd period


0:01 of 2nd period - Leon Draisaitl wins face-off versus Auston Matthews in neutral zone.
0:16 of 2nd period - Shot by Ivan Provorov.
0:16 of 2nd period - Shot Misses the Net.
0:28 of 2nd period - Shot by Jordan Eberle.
0:28 of 2nd period - Deflect By Auston Matthews.
0:28 of 2nd period - Shot Blocked by Shea Weber.
0:30 of 2nd period - Shot by Ian Cole.
0:30 of 2nd period - Stopped by Charlie Lindgren without a rebound.
0:31 of 2nd period - John Tavares wins face-off versus Patrice Bergeron in Bruins zone.
0:31 of 2nd period - John Tavares is hit by Jake Muzzin.
0:35 of 2nd period - Shot by Gustav Nyquist.
0:35 of 2nd period - Stopped by Charlie Lindgren without a rebound.
0:36 of 2nd period - John Tavares wins face-off versus Patrice Bergeron in Bruins zone.
0:37 of 2nd period - Shot by Teuvo Teravainen.
0:37 of 2nd period - Stopped by Charlie Lindgren without a rebound.
0:38 of 2nd period - Patrice Bergeron wins face-off versus John Tavares in Bruins zone.
0:49 of 2nd period - Shot by Patrice Bergeron.
0:49 of 2nd period - Stopped by Jonathan Bernier without a rebound.
0:50 of 2nd period - Leon Draisaitl wins face-off versus Auston Matthews in Canadiens zone.
1:34 of 2nd period - Icing by Auston Matthews.
1:35 of 2nd period - Auston Matthews wins face-off versus Patrice Bergeron in Canadiens zone.
2:28 of 2nd period - Shot by Tomas Plekanec.
2:28 of 2nd period - Deflect By Jake Guentzel.
2:28 of 2nd period - Stopped by Jonathan Bernier without a rebound.
2:29 of 2nd period - Carl Soderberg wins face-off versus Mike Ribeiro in Canadiens zone.
2:29 of 2nd period - P.K. Subban is hit by Brayden McNabb.
2:33 of 2nd period - Shot by Melker Karlsson.
2:33 of 2nd period - Stopped by Jonathan Bernier with a rebound.
2:53 of 2nd period - Shot by Artturi Lehkonen.
2:53 of 2nd period - Stopped by Charlie Lindgren with a rebound.
3:16 of 2nd period - Off-side.
3:17 of 2nd period - Auston Matthews wins face-off versus Leon Draisaitl in neutral zone.
4:01 of 2nd period - Icing by Torey Krug.
4:02 of 2nd period - Leon Draisaitl wins face-off versus John Tavares in Bruins zone.
4:09 of 2nd period - Adam Larsson is hit by Leon Draisaitl and loses puck.
4:19 of 2nd period - John Tavares is hit by P.K. Subban and loses puck.
4:24 of 2nd period - Shot by John Tavares.
4:24 of 2nd period - Stopped by Charlie Lindgren with a rebound.
4:26 of 2nd period - Shot by Cam Fowler.
4:26 of 2nd period - Stopped by Charlie Lindgren without a rebound.
4:27 of 2nd period - Tomas Plekanec wins face-off versus Mike Ribeiro in Bruins zone.
4:32 of 2nd period - Mike Ribeiro is hit by Jake Guentzel and loses puck.
4:36 of 2nd period - Icing by Nate Schmidt.
4:37 of 2nd period - Mike Ribeiro wins face-off versus Brendan Gallagher in Canadiens zone.
5:10 of 2nd period - Shot by Patrice Bergeron.
5:10 of 2nd period - Shot Misses the Net.
5:12 of 2nd period - Shot by Patrice Bergeron.
5:12 of 2nd period - Stopped by Jonathan Bernier without a rebound.
5:13 of 2nd period - Leon Draisaitl wins face-off versus Jordan Eberle in Canadiens zone.
5:21 of 2nd period - Corey Perry is hit by Ivan Provorov.
5:44 of 2nd period - Shot by Corey Perry.
5:44 of 2nd period - Stopped by Jonathan Bernier with a rebound.
5:46 of 2nd period - Shot by Leon Draisaitl.
5:46 of 2nd period - Stopped by Jonathan Bernier with a rebound.
5:48 of 2nd period - Shot by Torey Krug.
5:48 of 2nd period - Shot Misses the Net.
5:50 of 2nd period - Shot by Leon Draisaitl.
5:50 of 2nd period - Goal by Leon Draisaitl - Canadiens : 1 - Bruins : 3.
5:51 of 2nd period - John Tavares wins face-off versus Tomas Plekanec in neutral zone.
5:57 of 2nd period - Icing by P.K. Subban.
5:58 of 2nd period - John Tavares wins face-off versus Jake Guentzel in Bruins zone.
5:59 of 2nd period - Shot by Gustav Nyquist.
5:59 of 2nd period - Shot Misses the Net.
6:05 of 2nd period - Shot by John Tavares.
6:05 of 2nd period - Shot Misses the Net.
6:59 of 2nd period - Shot by Auston Matthews.
6:59 of 2nd period - Shot Misses the Net.
7:49 of 2nd period - Icing by Nate Schmidt.
7:50 of 2nd period - Mike Ribeiro wins face-off versus Patrice Bergeron in Canadiens zone.
7:57 of 2nd period - Patrice Bergeron is hit by Artturi Lehkonen and loses puck.
8:25 of 2nd period - Minor Penalty to Justin Abdelkader for Slashing.
8:26 of 2nd period - Patrice Bergeron wins face-off versus Zack Smith in Canadiens zone.
9:30 of 2nd period - Shot by P.K. Subban.
9:30 of 2nd period - Shot Misses the Net.
9:32 of 2nd period - Shot by Shea Weber.
9:32 of 2nd period - Shot Blocked by Adam Larsson.
9:34 of 2nd period - Shot by Shea Weber.
9:34 of 2nd period - Stopped by Jonathan Bernier without a rebound.
9:35 of 2nd period - Patrice Bergeron wins face-off versus Nick Shore in Canadiens zone.
9:56 of 2nd period - Shot by Corey Perry.
9:56 of 2nd period - Deflect By Patrice Bergeron.
9:56 of 2nd period - Stopped by Jonathan Bernier without a rebound.
9:57 of 2nd period - Zack Smith wins face-off versus Leon Draisaitl in Canadiens zone.
10:22 of 2nd period - Icing by P.K. Subban.
10:23 of 2nd period - Leon Draisaitl wins face-off versus Nick Shore in Bruins zone.
10:58 of 2nd period - John Tavares is hit by Tomas Plekanec and loses puck.
11:24 of 2nd period - Off-side.
11:25 of 2nd period - Auston Matthews wins face-off versus Leon Draisaitl in neutral zone.
11:38 of 2nd period - Jakob Silfverberg is hit by Corey Perry and loses puck.
11:45 of 2nd period - Shot by Corey Perry.
11:45 of 2nd period - Deflect By Andrew Ladd.
11:45 of 2nd period - Stopped by Jonathan Bernier without a rebound.
11:46 of 2nd period - Nick Shore wins face-off versus Carl Soderberg in Canadiens zone.
12:03 of 2nd period - Shot by Melker Karlsson.
12:03 of 2nd period - Shot Blocked by Justin Abdelkader.
12:11 of 2nd period - Shot by Carl Soderberg.
12:11 of 2nd period - Shot Misses the Net.
13:33 of 2nd period - Icing by Adam Larsson.
13:34 of 2nd period - Patrice Bergeron wins face-off versus Auston Matthews in Canadiens zone.
13:45 of 2nd period - Shot by Brendan Gallagher.
13:45 of 2nd period - Shot Blocked by Adam Larsson.
14:07 of 2nd period - Shot by Ryan Spooner.
14:07 of 2nd period - Stopped by Jonathan Bernier with a rebound.
14:09 of 2nd period - Shot by Ryan Spooner.
14:09 of 2nd period - Shot Misses the Net.
14:23 of 2nd period - Shot by Teuvo Teravainen.
14:23 of 2nd period - Stopped by Charlie Lindgren with a rebound.
14:25 of 2nd period - Shot by Gustav Nyquist.
14:25 of 2nd period - Shot Misses the Net.
14:27 of 2nd period - Shot by John Tavares.
14:27 of 2nd period - Shot Misses the Net.
14:44 of 2nd period - Shot by Tomas Plekanec.
14:44 of 2nd period - Stopped by Jonathan Bernier without a rebound.
14:45 of 2nd period - Mike Ribeiro wins face-off versus Carl Soderberg in Canadiens zone.
15:45 of 2nd period - Shot by Corey Perry.
15:45 of 2nd period - Stopped by Jonathan Bernier without a rebound.
15:46 of 2nd period - John Tavares wins face-off versus Patrice Bergeron in Canadiens zone.
15:53 of 2nd period - Shot by John Tavares.
15:53 of 2nd period - Stopped by Charlie Lindgren with a rebound.
15:56 of 2nd period - Icing by Brendan Gallagher.
15:57 of 2nd period - Patrice Bergeron wins face-off versus Auston Matthews in Bruins zone.
15:57 of 2nd period - Patrice Bergeron is hit by Jakob Silfverberg.
16:09 of 2nd period - Shot by Patrice Bergeron.
16:09 of 2nd period - Stopped by Jonathan Bernier with a rebound.
16:23 of 2nd period - Shot by Brendan Gallagher.
16:23 of 2nd period - Shot Misses the Net.
16:25 of 2nd period - Shot by Patrice Bergeron.
16:25 of 2nd period - Shot Misses the Net.
16:27 of 2nd period - Shot by Patrice Bergeron.
16:27 of 2nd period - Shot Misses the Net.
16:29 of 2nd period - Shot by Patrice Bergeron.
16:29 of 2nd period - Shot Misses the Net.
16:41 of 2nd period - Shot by Leon Draisaitl.
16:41 of 2nd period - Shot Misses the Net.
16:43 of 2nd period - Shot by P.K. Subban.
16:43 of 2nd period - Stopped by Jonathan Bernier without a rebound.
16:44 of 2nd period - John Tavares wins face-off versus Leon Draisaitl in Canadiens zone.
16:52 of 2nd period - Shea Weber is hit by Adam Larsson and loses puck.
17:00 of 2nd period - Cam Fowler is hit by P.K. Subban.
17:25 of 2nd period - Icing by Adam Larsson.
17:26 of 2nd period - John Tavares wins face-off versus Tomas Plekanec in Canadiens zone.
17:54 of 2nd period - Minor Penalty to Ian Cole for Holding.
17:55 of 2nd period - Jakob Silfverberg wins face-off versus Leon Draisaitl in Canadiens zone.
17:55 of 2nd period - Jakob Silfverberg is hit by Brendan Gallagher.
18:21 of 2nd period - Shot by Brendan Gallagher.
18:21 of 2nd period - Stopped by Jonathan Bernier without a rebound.
18:22 of 2nd period - Patrice Bergeron wins face-off versus Nick Shore in Canadiens zone.
18:23 of 2nd period - Shot by Jake Muzzin.
18:23 of 2nd period - Stopped by Jonathan Bernier with a rebound.
18:43 of 2nd period - Shot by Andrew Ladd.
18:43 of 2nd period - Stopped by Jonathan Bernier with a rebound.
18:45 of 2nd period - Shot by Patrice Bergeron.
18:45 of 2nd period - Shot Misses the Net.
18:47 of 2nd period - Shot by Jake Muzzin.
18:47 of 2nd period - Stopped by Jonathan Bernier without a rebound.
18:48 of 2nd period - Zack Smith wins face-off versus Leon Draisaitl in Canadiens zone.
19:15 of 2nd period - Shot by Shea Weber.
19:15 of 2nd period - Shot Misses the Net.
Goals for this period are 0 for Canadiens vs 1 for Bruins.
Shots for this period are 8 for Canadiens vs 19 for Bruins.

3rd period


0:01 of 3rd period - Leon Draisaitl wins face-off versus Gustav Nyquist in neutral zone.
0:06 of 3rd period - Off-side.
0:07 of 3rd period - Auston Matthews wins face-off versus Leon Draisaitl in neutral zone.
0:15 of 3rd period - Jordan Eberle is hit by P.K. Subban and loses puck.
0:20 of 3rd period - Shot by Jordan Eberle.
0:20 of 3rd period - Shot Misses the Net.
0:22 of 3rd period - Shot by Auston Matthews.
0:22 of 3rd period - Shot Blocked by P.K. Subban.
0:24 of 3rd period - Shot by Ian Cole.
0:24 of 3rd period - Shot Blocked by Shea Weber.
0:38 of 3rd period - Shot by Jakob Silfverberg.
0:38 of 3rd period - Shot Misses the Net.
1:16 of 3rd period - Shot by Jake Muzzin.
1:16 of 3rd period - Shot Misses the Net.
1:18 of 3rd period - Shot by Jake Muzzin.
1:18 of 3rd period - Shot Misses the Net.
1:20 of 3rd period - Shot by Jake Muzzin.
1:20 of 3rd period - Shot Blocked by Teuvo Teravainen.
1:22 of 3rd period - Shot by Jake Muzzin.
1:22 of 3rd period - Shot Blocked by Cam Fowler.
1:24 of 3rd period - Shot by Torey Krug.
1:24 of 3rd period - Shot Misses the Net.
1:26 of 3rd period - Shot by Patrice Bergeron.
1:26 of 3rd period - Stopped by Jonathan Bernier with a rebound.
1:28 of 3rd period - Shot by Jake Muzzin.
1:28 of 3rd period - Shot Misses the Net.
1:34 of 3rd period - Shot by Ryan Spooner.
1:34 of 3rd period - Deflect By Brendan Gallagher.
1:34 of 3rd period - Stopped by Jonathan Bernier without a rebound.
1:35 of 3rd period - Jake Guentzel wins face-off versus Mike Ribeiro in Canadiens zone.
2:02 of 3rd period - Shot by Jake Guentzel.
2:02 of 3rd period - Stopped by Jonathan Bernier without a rebound.
2:03 of 3rd period - Auston Matthews wins face-off versus Carl Soderberg in Canadiens zone.
2:12 of 3rd period - Shot by Auston Matthews.
2:12 of 3rd period - Stopped by Charlie Lindgren with a rebound.
2:14 of 3rd period - Shot by Jakob Silfverberg.
2:14 of 3rd period - Stopped by Charlie Lindgren with a rebound.
2:42 of 3rd period - Minor Penalty to Shea Weber for Roughing.
2:43 of 3rd period - John Tavares wins face-off versus Patrice Bergeron in Bruins zone.
2:52 of 3rd period - Shot by John Tavares.
2:52 of 3rd period - Shot Blocked by Jake Muzzin.
3:12 of 3rd period - Shot by John Tavares.
3:12 of 3rd period - Stopped by Charlie Lindgren without a rebound.
3:13 of 3rd period - Patrice Bergeron wins face-off versus Mike Ribeiro in Bruins zone.
3:36 of 3rd period - Shot by Leon Draisaitl.
3:36 of 3rd period - Shot Misses the Net.
3:42 of 3rd period - P.K. Subban is hit by Mike Ribeiro and loses puck.
4:17 of 3rd period - Shot by John Tavares.
4:17 of 3rd period - Stopped by Charlie Lindgren without a rebound.
4:18 of 3rd period - Patrice Bergeron wins face-off versus John Tavares in Bruins zone.
4:33 of 3rd period - Shot by John Tavares.
4:33 of 3rd period - Shot Misses the Net.
4:35 of 3rd period - Shot by Adam Larsson.
4:35 of 3rd period - Goal by Adam Larsson - Canadiens : 2 - Bruins : 3.
4:36 of 3rd period - Nick Shore wins face-off versus Carl Soderberg in neutral zone.
4:36 of 3rd period - Nick Shore is hit by Melker Karlsson.
5:20 of 3rd period - Shot by Josh Bailey.
5:20 of 3rd period - Shot Misses the Net.
5:58 of 3rd period - Minor Penalty to Adam Larsson for Slashing.
5:59 of 3rd period - Patrice Bergeron wins face-off versus Zack Smith in Canadiens zone.
6:34 of 3rd period - Off-side.
6:35 of 3rd period - Nick Shore wins face-off versus Leon Draisaitl in neutral zone.
7:24 of 3rd period - Brayden McNabb is hit by Corey Perry and loses puck.
7:45 of 3rd period - Shot by Patrice Bergeron.
7:45 of 3rd period - Shot Hit the Post.
7:47 of 3rd period - Shot by Shea Weber.
7:47 of 3rd period - Stopped by Jonathan Bernier without a rebound.
7:48 of 3rd period - Zack Smith wins face-off versus Leon Draisaitl in Canadiens zone.
8:14 of 3rd period - Off-side.
8:15 of 3rd period - Carl Soderberg wins face-off versus Josh Bailey in neutral zone.
8:24 of 3rd period - Shot by Carl Soderberg.
8:24 of 3rd period - Stopped by Jonathan Bernier without a rebound.
8:25 of 3rd period - Tomas Plekanec wins face-off versus John Tavares in Canadiens zone.
8:41 of 3rd period - Minor Penalty to Mark Streit for Tripping.
8:42 of 3rd period - Patrice Bergeron wins face-off versus Mike Ribeiro in Bruins zone.
9:26 of 3rd period - Icing by Adam Larsson.
9:27 of 3rd period - Corey Perry wins face-off versus Mike Ribeiro in Canadiens zone.
9:27 of 3rd period - Tomas Plekanec is hit by Adam Larsson and loses puck.
10:16 of 3rd period - Shot by John Tavares.
10:16 of 3rd period - Shot Misses the Net.
10:18 of 3rd period - Shot by John Tavares.
10:18 of 3rd period - Shot Misses the Net.
10:36 of 3rd period - Shot by Jordan Eberle.
10:36 of 3rd period - Shot Misses the Net.
11:21 of 3rd period - Icing by Ian Cole.
11:22 of 3rd period - Tomas Plekanec wins face-off versus Justin Abdelkader in Canadiens zone.
11:36 of 3rd period - Shot by Tomas Plekanec.
11:36 of 3rd period - Shot Misses the Net.
12:20 of 3rd period - Shot by Brendan Gallagher.
12:20 of 3rd period - Stopped by Jonathan Bernier without a rebound.
12:21 of 3rd period - John Tavares wins face-off versus Leon Draisaitl in Canadiens zone.
12:21 of 3rd period - John Tavares is hit by Corey Perry.
12:55 of 3rd period - Shot by Corey Perry.
12:55 of 3rd period - Shot Misses the Net.
13:43 of 3rd period - Brayden McNabb is hit by Ryan Spooner and loses puck.
14:22 of 3rd period - Icing by Josh Bailey.
14:23 of 3rd period - Tomas Plekanec wins face-off versus Mike Ribeiro in Canadiens zone.
14:36 of 3rd period - Shot by Artturi Lehkonen.
14:36 of 3rd period - Stopped by Charlie Lindgren with a rebound.
14:45 of 3rd period - Icing by Tomas Plekanec.
14:46 of 3rd period - Tomas Plekanec wins face-off versus Gustav Nyquist in Bruins zone.
14:48 of 3rd period - Icing by Jake Guentzel.
14:49 of 3rd period - Tomas Plekanec wins face-off versus John Tavares in Bruins zone.
14:58 of 3rd period - Shot by Tomas Plekanec.
14:58 of 3rd period - Shot Blocked by Ivan Provorov.
15:00 of 3rd period - Shot by Jake Muzzin.
15:00 of 3rd period - Shot Blocked by Ian Cole.
15:02 of 3rd period - Shot by Tomas Plekanec.
15:02 of 3rd period - Shot Blocked by Ivan Provorov.
15:04 of 3rd period - Shot by Tomas Plekanec.
15:04 of 3rd period - Stopped by Jonathan Bernier without a rebound.
15:05 of 3rd period - Andrew Ladd wins face-off versus Jordan Eberle in Canadiens zone.
15:05 of 3rd period - P.K. Subban is hit by Brayden McNabb.
15:13 of 3rd period - Shot by Corey Perry.
15:13 of 3rd period - Stopped by Jonathan Bernier with a rebound.
15:15 of 3rd period - Shot by P.K. Subban.
15:15 of 3rd period - Shot Misses the Net.
15:17 of 3rd period - Shot by P.K. Subban.
15:17 of 3rd period - Stopped by Jonathan Bernier without a rebound.
15:18 of 3rd period - John Tavares wins face-off versus Patrice Bergeron in Canadiens zone.
15:39 of 3rd period - Shot by Gustav Nyquist.
15:39 of 3rd period - Shot Misses the Net.
15:51 of 3rd period - Shot by Gustav Nyquist.
15:51 of 3rd period - Shot Misses the Net.
16:04 of 3rd period - Icing by Jake Muzzin.
16:05 of 3rd period - Patrice Bergeron wins face-off versus Auston Matthews in Bruins zone.
16:11 of 3rd period - Icing by Ryan Spooner.
16:12 of 3rd period - Patrice Bergeron wins face-off versus Auston Matthews in Bruins zone.
17:44 of 3rd period - Icing by Shea Weber.
17:45 of 3rd period - Leon Draisaitl wins face-off versus John Tavares in Bruins zone.
17:45 of 3rd period - Leon Draisaitl is hit by Adam Larsson.
18:00 of 3rd period - Icing by Adam Larsson.
18:01 of 3rd period - Tomas Plekanec wins face-off versus John Tavares in Canadiens zone.
18:01 of 3rd period - Jake Guentzel is hit by Adam Larsson and loses puck.
18:05 of 3rd period - Icing by Adam Larsson.
18:06 of 3rd period - John Tavares wins face-off versus Tomas Plekanec in Canadiens zone.
18:19 of 3rd period - Shot by Teuvo Teravainen.
18:19 of 3rd period - Stopped by Charlie Lindgren with a rebound.
18:21 of 3rd period - Shot by Cam Fowler.
18:21 of 3rd period - Goal by Cam Fowler - Canadiens : 3 - Bruins : 3.
18:22 of 3rd period - Auston Matthews wins face-off versus Leon Draisaitl in neutral zone.
18:34 of 3rd period - Jakob Silfverberg is hit by Shea Weber and loses puck.
18:47 of 3rd period - Shot by Jakob Silfverberg.
18:47 of 3rd period - Shot Misses the Net.
18:49 of 3rd period - Shot by Jakob Silfverberg.
18:49 of 3rd period - Stopped by Charlie Lindgren without a rebound.
18:50 of 3rd period - John Tavares wins face-off versus Jake Guentzel in Bruins zone.
19:15 of 3rd period - Shot by John Tavares.
19:15 of 3rd period - Shot Misses the Net.
19:19 of 3rd period - Shot by Gustav Nyquist.
19:19 of 3rd period - Shot Misses the Net.
Goals for this period are 2 for Canadiens vs 0 for Bruins.
Shots for this period are 9 for Canadiens vs 9 for Bruins.

Overtime #1


0:01 of 1st overtime period - Patrice Bergeron wins face-off versus John Tavares in neutral zone.
0:04 of 1st overtime period - Shot by Leon Draisaitl.
0:04 of 1st overtime period - Deflect By Patrice Bergeron.
0:04 of 1st overtime period - Shot Misses the Net.
0:10 of 1st overtime period - Shot by Leon Draisaitl.
0:10 of 1st overtime period - Shot Misses the Net.
0:29 of 1st overtime period - Icing by Adam Larsson.
0:30 of 1st overtime period - John Tavares wins face-off versus Patrice Bergeron in Canadiens zone.
0:39 of 1st overtime period - Shot by Auston Matthews.
0:39 of 1st overtime period - Shot Blocked by Shea Weber.
0:49 of 1st overtime period - Shot by Corey Perry.
0:49 of 1st overtime period - Shot Misses the Net.
0:51 of 1st overtime period - Shot by Shea Weber.
0:51 of 1st overtime period - Shot Misses the Net.
0:53 of 1st overtime period - Shot by Patrice Bergeron.
0:53 of 1st overtime period - Shot Misses the Net.
0:59 of 1st overtime period - Shot by Corey Perry.
0:59 of 1st overtime period - Goal by Corey Perry - Canadiens : 3 - Bruins : 4.
Goals for this period are 0 for Canadiens vs 1 for Bruins.
Shots for this period are 0 for Canadiens vs 1 for Bruins.